 Dungeon Crawl Stone Soup version 0.29-a0-350-g7790a0e70a (webtiles) character file.

Game seed: 17318019408225341500

3548 sammy202020 the Fighter (level 9, -4/80 HPs)
             Began as a Palentonga Fighter on Apr 23, 2022.
             Was a Follower of Trog.
             Slain by an orc warrior
             ... wielding a +0 spear
              (16 damage)
             ... in a bailey.
             The game lasted 00:12:12 (5880 turns).

sammy202020 the Fighter (Palentonga Fighter)        Turns: 5880, Time: 00:12:13

Health: -4/80      AC: 26    Str: 33    XL:     9   Next: 83%
Magic:  8/8        EV:  3    Int: 10    God:    Trog [*.....]
Gold:   338        SH: 10    Dex: 11    Spells: 8/8 levels left

rFire   . . .      SeeInvis +   a - +1 war axe (spect)
rCold   + + .      Faith    .   c - +0 buckler
rNeg    + . .      Spirit   .   s - +0 plate armour
rPois   .          Reflect  +   (helmet restricted)
rElec   .          Harm     .   j - +0 cloak
rCorr   .          Rampage  .   t - +0 pair of gloves
Will    .....                   D - +2 barding of the Harvest {rC++ rN+}
Stlth   ..........              y - amulet of reflection
HPRegen 0.23/turn               o - +6 ring of strength
MPRegen 0.11/turn               E - +6 ring of strength

@: mighty, curled up
A: large, rugged brown scales 3, see invisible, deformed body, roll 1, armoured
tail, reflexive curl, beak, horns 1, low MP 1
a: Rolling Charge, Renounce Religion, Berserk


You were in a bailey.
You worshipped Trog.
Trog was aware of your devotion.
You visited 1 branch of the dungeon, and saw 7 of its levels.
You also visited: Sewer and Bailey.

You collected 338 gold pieces.

Inventory:

Hand Weapons
 a - a +1 spectral war axe (weapon)
 r - a +0 mace
 C - a +1 whip of venom
Armour
 c - a +0 buckler (worn)
 j - a +0 cloak (worn)
 s - a +0 plate armour (worn)
 t - a +0 pair of gloves (worn)
 D - the +2 barding of the Harvest (worn) {rC++ rN+}
   (You acquired it on level 6 of the Dungeon)

   rC:        It greatly protects you from cold.
   rN:        It protects you from negative energy.
Jewellery
 i - an amulet of guardian spirit
 m - a ring of ice
 o - a +6 ring of strength (left hand)
 u - a ring of magical power
 y - an amulet of reflection (around neck)
 E - a +6 ring of strength (right hand)
Wands
 z - a wand of flame (28)
Scrolls
 b - 2 scrolls of magic mapping
 f - 9 scrolls of enchant armour
 w - a scroll of teleportation
 A - a scroll of fear
 G - a scroll of identify
Potions
 d - a potion of might
 g - 4 potions of degeneration
 h - 3 potions of brilliance {unknown}
 k - 6 potions of curing
 l - a potion of resistance {unknown}
 n - 2 potions of lignification {unknown}
 p - 2 potions of heal wounds {unknown}
 q - 2 potions of haste {unknown}
 v - 4 potions of flight
 x - a potion of mutation
 B - a potion of invisibility {unknown}


   Skills:
 * Level 8.7 Fighting
 * Level 8.5 Axes
 + Level 5.4 Armour
 + Level 5.3 Shields


You had 8 spell levels left.
You didn't know any spells.
Your spell library contained the following spells:

 Spells                   Type           Power      Damage    Failure   Level
 Ensorcelled Hibernation  Hex/Ice        0%         N/A       99%         2
 Spider Form              Tmut/Pois      0%         N/A       100%        3
 Anguish                  Hex/Necr       0%         N/A       100%        4


Dungeon Overview and Level Annotations

Branches:
Dungeon (7/15)              Sewer (visited)          Bailey (1/1)
 Temple: D:4-7

Altars:
Dithmenos
Elyvilon
Ru
Trog
The Shining One

Shops:
D:1 (   D:3 [

Annotations:
Bailey 2 runed translucent doors


Innate Abilities, Weirdness & Mutations

You are completely covered in rugged brown scales. (AC +3, +7% HP)
You have supernaturally acute eyesight. (SInv)
Armour fits poorly on your strangely shaped body.
You can roll at nearby foes to attack.
You have a long armoured tail.
You curl defensively after being hit. (AC +7*)
You have a beak for a mouth.
You have a pair of small horns on your head.
Your magical capacity is low. (-10% MP)


Message History

The orc knight roars a battlecry!
The orcs go into a battle-frenzy!
Okay, then.
You are confused.
You feel invigorated.
An orc warrior comes into view. It is wielding a +0 spear.
Okay, then.
You feel very mighty all of a sudden.
The orc warrior hits you from afar with a +0 glaive!
* * * LOW HITPOINT WARNING * * *
The orc knight hits you but does no damage.
You're too confused to move!
You feel less invigorated.
You feel less confused.
The orc warrior hits you but does no damage.
The orc knight hits you but does no damage.
An orc warrior comes into view. It is wielding a +3 halberd.
The deep elf zephyrmancer shouts!
The orc warrior barely misses you.
The orc knight hits you but does no damage.
You closely miss the orc warrior. You barely miss the orc knight.
Your +1 spectral war axe hits the orc knight!!
Your +1 spectral war axe hits the orc warrior!
You block the orc warrior's attack. You block the orc knight's attack.
You slash the orc knight! You headbutt the orc knight.
The orc knight is severely wounded.
You slash the orc warrior!
Your +1 spectral war axe hits the orc warrior!
You kill the orc warrior!
Trog accepts your kill.
Your +1 spectral war axe hits the orc knight.
The orc knight barely misses your +1 spectral war axe.
You slash the orc knight! You tail-slap the orc knight!
You kill the orc knight!
Trog accepts your kill.
You can now go berserk at will.
The orc warrior hits you from afar with a +0 spear!
* * * LOW HITPOINT WARNING * * *
Unknown command.
You block the orc's attack.
The orc warrior hits you with a +0 spear!
You die...

# #### ≈≈≈≈ ♣♣..##
.≈≈≈≈≈♣♣....#
..≈≈≈≈≈♣..####
♣..≈≈≈≈♣..#..##########.
...≈≈≈≈...#...§.@o......
♣..≈≈≈≈.♣.##).)).o......
...≈≈≈≈....#.)########..
..######...#.8# ...#
...........#..# ....#
...........'..# ##..+.
...........'..# ..+..
...........#..# ..#..
..######...#.8#


You could see an orc warrior (strong) and an orc (strong).

Vanquished Creatures
  An orc knight (Bailey)
  A cyclops (D:6)
  The ghost of IdlyInterested the Cutter, a novice DsGl (D:6)
  A troll (D:5)
  A water moccasin (D:6)
  4 orc warriors (Bailey)
  A black bear (D:4)
  3 ogres
  3 bullfrogs
  6 scorpions
  2 necrophages (D:6)
  2 hounds
  4 orc priests
  An iguana (D:6)
  Jessica (D:3)
  4 orc wizards
  Robin (D:2)
  12 adders
  6 river rats
  3 shadow imps (D:4)
  An ufetubus (D:4)
  5 worms
  A dart slug (D:3)
  13 orcs
  11 bats
  5 endoplasms
  8 giant cockroaches
  14 goblins
  5 hobgoblins
  9 jackals
  6 quokkas
  13 ball pythons
  7 frilled lizards
  2 kobolds
  8 rats
166 creatures vanquished.

Vanquished Creatures (others)
  A wight (D:7)
  2 plants (D:4)
3 creatures vanquished.

Grand Total: 169 creatures vanquished

Notes
Turn   | Place    | Note
-------+----------+-------------------------------------------
     0 | D:1      | sammy202020 the Palentonga Fighter began the quest for the
                  | Orb.
     0 | D:1      | Reached XP level 1. HP: 19/19 MP: 1/1
   262 | D:1      | Reached XP level 2. HP: 25/25 MP: 2/2
   492 | D:1      | Found Didan's Weapon Boutique.
   519 | D:1      | Found a faded altar of an unknown god.
   950 | D:2      | Reached XP level 3. HP: 21/31 MP: 3/3
  1106 | D:2      | Noticed Robin
  1127 | D:2      | Killed Robin
  1801 | D:3      | Found Vetuits's Armour Emporium.
  1801 | D:3      | Noticed Jessica
  1807 | D:3      | Killed Jessica
  1807 | D:3      | Noticed a bullfrog
  1808 | D:3      | Reached XP level 4. HP: 8/39 MP: 4/4
  1813 | D:3      | Killed a bullfrog
  1814 | D:3      | Reached XP level 5. HP: 10/44 MP: 5/5
  2147 | D:3      | Found a sacrificial altar of Ru.
  2290 | D:3      | Found a glowing drain.
  2296 | Sewer    | Entered a sewer
  2481 | Sewer    | Reached XP level 6. HP: 33/52 MP: 6/6
  3062 | D:3      | Found a glowing golden altar of the Shining One.
  3613 | D:4      | Reached skill level 5 in Fighting
  3618 | D:4      | Gained mutation: You curl defensively after being hit. (AC
                  | +7*) [Palentonga growth]
  3618 | D:4      | Reached XP level 7. HP: 58/59 MP: 7/7
  3681 | D:4      | Reached skill level 5 in Axes
  3738 | D:4      | Found a transporter.
  3739 | D:4      | Found a transporter.
  4191 | D:4      | Gained mutation: You have a pair of small horns on your
                  | head. [potion of mutation]
  4191 | D:4      | Gained mutation: Your magical capacity is low. (-10% MP)
                  | [potion of mutation]
  4191 | D:4      | Gained mutation: You have a beak for a mouth. [potion of
                  | mutation]
  4395 | D:5      | Entered Level 5 of the Dungeon
  4395 | D:5      | Noticed a troll
  4400 | D:5      | Killed a troll
  4635 | D:5      | Reached XP level 8. HP: 68/68 MP: 7/7
  5164 | D:6      | Found a bloodstained altar of Trog.
  5185 | D:6      | Became a worshipper of Trog the Wrathful
  5209 | D:6      | Found a white marble altar of Elyvilon.
  5217 | D:6      | Found a runed translucent door.
  5217 | D:6      | Noticed a cyclops
  5217 | D:6      | Noticed IdlyInterested's ghost (novice DsGl)
  5227 | D:6      | Killed IdlyInterested's ghost
  5230 | D:6      | Killed a cyclops
  5231 | D:6      | Reached XP level 9. HP: 57/77 MP: 8/8
  5551 | D:6      | Reached skill level 5 in Armour
  5608 | D:6      | Reached skill level 5 in Shields
  5758 | D:6      | Found a shadowy altar of Dithmenos.
  5760 | D:6      | Identified a scroll of acquirement
  5760 | D:6      | Acquired the +2 barding of the Harvest {rC++ rN+}
  5791 | D:7      | Found a flagged portal.
  5814 | Bailey   | Entered a bailey
  5863 | Bailey   | Noticed an orc knight
  5870 | Bailey   | Found a large runed translucent door.
  5870 | Bailey   | Found a large runed translucent door.
  5876 | Bailey   | Noticed a deep elf zephyrmancer
  5879 | Bailey   | Killed an orc knight
  5879 | Bailey   | Reached * piety under Trog
  5880 | Bailey   | Slain by an orc warrior

Illustrated notes

Levels and vault maps discovered:
D:1:      dpeg_arrival_tiny_f, layout_loops_ring, serial_shops,
          nicolae_shop_waterfront, hellmonk_ecumenical_altar_pennies_from_heaven
D:2:      layout_rooms, uniq_robin
D:3:      layout_basic, lemuel_doored_altar,
          nicolae_ru_great_annihilating_truth, portal_sewer_entry_e,
          serial_shops, nicolae_shop_waterfront, minmay_diced_spiral,
          uniq_jessica
D:4:      gammafunk_wand_slinger, layout_cave_pools, serial_column_ruins,
          column_ruins_hut_pillars, column_ruins_columns_corner,
          column_ruins_open_tiny, column_ruins_open_tiny, column_ruins_grid_1,
          column_ruins_open_medium, minmay_misc_feat_rugged
D:5:      layout_basic, nicolae_overflow_hidden_temple
D:6:      minmay_angry_zag, layout_rooms, mainiacjoe_overflow_tiny_flanked,
          mainiacjoe_overflow_cross_hatched, kennysheep_mini_moat,
          ebering_ghost_inner_flame, grunt_ministairs_15
D:7:      layout_loops_ring, fiery_altar_vehumet, minmay_temple_entry_arrows,
          serial_rivers, chequers_serial_rivers_micro_b,
          chequers_serial_rivers_large_b, chequers_serial_rivers_room_a,
          chequers_serial_rivers_small_3, chequers_serial_rivers_micro_d,
          enter_bailey_2
Bailey:   bailey_polearm_elven_captive_hellmonk, bailey

Skill      XL: |  1  2  3  4  5  6  7  8  9 |
---------------+----------------------------+-----
Axes           | 3 4 5 7 8 |  8.5
Fighting       | 4 5 6 7 8 |  8.7
Shields        | 3 4 5 |  5.3
Armour         | 3 4 5 |  5.4

Action                   |  1- 3 |  4- 6 |  7- 9 || total
-------------------------+-------+-------+-------++-------
Melee: War axe           |   111 |    80 |    97 ||   288
       Tailslap          |     9 |     3 |    16 ||    28
       Headbutt          |       |       |    15 ||    15
       Peck              |       |       |    12 ||    12
 Abil: Rolling Charge    |     5 |     1 |       ||     6
  Use: Scroll            |     5 |     6 |     3 ||    14
       Potion            |       |       |     5 ||     5
 Stab: Paralysed         |       |     1 |       ||     1
       Distracted        |       |       |     1 ||     1
Armor: Scale mail        |    71 |    24 |       ||    95
       Plate armour      |       |    22 |    43 ||    65
Dodge: Dodged            |    53 |    20 |     8 ||    81
Block: Buckler           |    16 |    10 |    39 ||    65
       Reflection        |       |       |     2 ||     2

Table legend: (Time is in decaauts)
 A = Elapsed time spent in this place.
 B = Non-inter-level travel time spent in this place.
 C = Inter-level travel time spent in this place.
 D = Time resting spent in this place.
 E = Time spent auto-exploring this place.
 F = Levels seen in this place.
 G = Mean time per level.
                   A        B        C        D        E       F      G
               +--------+--------+--------+--------+--------+-----+--------+
         Total |   6134 |   6017 |    117 |    643 |   4226 |   9 |  681.6 |
       Dungeon |   5215 |   5098 |    117 |    635 |   3555 |   7 |  745.0 |
         Sewer |    852 |    852 |      0 |      0 |    670 |   1 |  852.0 |
        Bailey |     67 |     67 |      0 |      8 |      0 |   1 |   67.0 |
               +--------+--------+--------+--------+--------+-----+--------+

Top non-repeatable levels by time:
     D:3: 1096 daAuts
     D:2: 1020 daAuts
   Sewer: 852 daAuts
     D:4: 845 daAuts
     D:1: 822 daAuts
     D:6: 770 daAuts
     D:5: 632 daAuts
  Bailey: 67 daAuts
     D:7: 27 daAuts
